 Dungeon Crawl Stone Soup version 0.27-a0-972-gd1521fd518 (webtiles) character file.

Game seed: 2035724876785015020

588 tardwrangler69 the Digger (level 7, 0/50 HPs)
             Began as a Black Draconian Earth Elementalist on Apr 13, 2021.
             Slain by a ball python (1 damage)
             ... on level 4 of the Dungeon.
             The game lasted 00:05:21 (6661 turns).

tardwrangler69 the Digger (DrEE)                    Turns: 6661, Time: 00:05:22

Health: 0/50       AC:  8    Str: 10    XL:     7   Next: 15%
Magic:  22/22      EV:  9    Int: 18    God:
Gold:   259        SH:  0    Dex: 11    Spells: 13/14 levels left

rFire    . . .     SeeInvis .   f - +4 dagger
rCold    + . .     Faith    .   (no shield)
rNeg     . . .     Spirit   .   (armour unavailable)
rPois    .         Reflect  .   (helmet restricted)
rElec    +         Harm     .   (no cloak)
rCorr    .         Rampage  .   h - +0 pair of gloves
Will     .....                  a - +0 pair of boots
Stlth    ++........             (no amulet)
HPRegen  0.16/turn              k - ring of magical power
MPRegen  0.18/turn              q - ring of protection from cold

@: constricted
A: breathe lightning, AC +6, unfitting armour, electricity resistance,
cold-blooded
a: Breathe Lightning


You were on level 4 of the Dungeon.
You visited 1 branch of the dungeon, and saw 4 of its levels.

You collected 272 gold pieces.
You spent 13 gold pieces at shops.

Inventory:

Hand Weapons
 f - a +4 dagger (weapon)
Missiles
 b - 183 stones
 s - a throwing net
Armour
 a - a +0 pair of boots (worn)
 h - a +0 pair of gloves (worn)
Jewellery
 k - a ring of magical power (left hand)
 n - an amulet of faith
 q - a ring of protection from cold (right hand)
Scrolls
 c - a scroll of teleportation
 e - 2 scrolls of identify {unknown}
 g - 2 scrolls of acquirement {unknown}
 m - a scroll of fear {unknown}
 p - a scroll of torment {unknown}
 r - a scroll of amnesia {unknown}
Potions
 d - a potion of cancellation {unknown}
 i - a potion of haste
 j - a potion of curing {unknown}
 l - a potion of ambrosia
 o - a potion of berserk rage {unknown}


   Skills:
 - Level 1.7 Dodging
 - Level 1.7 Stealth
 + Level 4.4 Spellcasting
 - Level 1.0 Transmutations
 * Level 5.8 Earth Magic


You had 13 spell levels left.
You knew the following spells:

 Your Spells              Type           Power      Damage    Failure   Level
a - Sandblast             Erth           50%        2d12      1%          1

Your spell library contained the following spells:

 Spells                   Type           Power      Damage    Failure   Level
 Passwall                 Tmut/Erth      13%        N/A       5%          2
 Beastly Appendage        Tmut           14%        N/A       10%         1
 Stone Arrow              Conj/Erth      28%        3d8       13%         3
 Wereblood                Tmut           7%         N/A       14%         2
 Spider Form              Tmut/Pois      2%         N/A       34%         3
 Petrify                  Tmut/Erth      16%        N/A       34%         4
 Lee's Rapid Deconstruct  Erth           12%        3d10*     34%         5
 Ice Form                 Ice/Tmut       5%         N/A       75%         4
 Hydra Form               Tmut           3%         N/A       95%         5


Dungeon Overview and Level Annotations

Branches:
Dungeon (4/15)
 Temple: D:4-7

Altars:
Cheibriados
Nemelex Xobeh
Zin

Shops:
D:1 !   D:4 [


Innate Abilities, Weirdness & Mutations

You can breathe wild blasts of lightning.
Your glossy black scales are hard. (AC +6)
You cannot fit into any form of body armour.
You are resistant to electric shocks. (rElec)
You are cold-blooded and may be slowed by cold attacks.


Message History

The ball python constricts you. The ball python barely misses you.
The ball python constricts you.
The ball python bites you but does no damage.
* * * LOW HITPOINT WARNING * * *
The ball python constricts you. The ball python completely misses you.
The ball python constricts you. The ball python barely misses you.
The ball python constricts you. The ball python closely misses you.
* * * LOW HITPOINT WARNING * * *
The ball python constricts you.
The ball python bites you but does no damage.
The ball python constricts you.
The ball python bites you but does no damage.
The ball python constricts you.
The ball python bites you but does no damage.
The ball python constricts you. The ball python closely misses you.
The ball python constricts you. The ball python bites you.
* * * LOW HITPOINT WARNING * * *
The ball python constricts you. The ball python barely misses you.
The ball python constricts you. The ball python bites you.
* * * LOW HITPOINT WARNING * * *
The ball python constricts you. The ball python closely misses you.
* * * LOW HITPOINT WARNING * * *
The ball python constricts you. The ball python barely misses you.
The ball python constricts you.
The ball python bites you but does no damage.
The ball python constricts you.
The ball python bites you but does no damage.
The ball python constricts you. The ball python closely misses you.
The ball python constricts you. The ball python closely misses you.
The ball python constricts you. The ball python bites you.
* * * LOW HITPOINT WARNING * * *
The ball python constricts you. The ball python bites you.
* * * LOW HITPOINT WARNING * * *
You die...

.###........##..####.#.#
.#
..#.####†##.##†.........
.#.#####.##.##..###...##
.#.............##!##.##(
.#######.##.##.# .......
.# #..##.##.##.##.......
.# #..##.##.##..#.......
.# #..##.##.##...S......
.###..##.#......@.#
......)...........#
............###†#.##
#.##..####### #.#..###.
#.##..#########........
..##............#......
.....##################
######


You could see a ball python.

Vanquished Creatures
  Menkaure (D:4)
  A necrophage (D:4)
  An iguana (D:4)
  An orc wizard (D:4)
  A hound skeleton (D:4)
  A mummy (D:3)
  14 adders
  4 gnolls (D:4)
  2 adder skeletons (D:4)
  A worm (D:2)
  4 dart slugs
  13 orcs
  6 endoplasms
  4 giant cockroaches
  6 goblins
  9 hobgoblins
  2 jackals (D:1)
  12 kobolds
  5 quokkas
  12 ball pythons
  10 bats
  4 frilled lizards
  2 rats
116 creatures vanquished.

Vanquished Creatures (others)
  10 plants (D:2)
10 creatures vanquished.

Grand Total: 126 creatures vanquished

Notes
Turn   | Place    | Note
-------+----------+-------------------------------------------
     0 | D:1      | tardwrangler69 the Draconian Earth Elementalist began the
                  | quest for the Orb.
     0 | D:1      | Reached XP level 1. HP: 14/14 MP: 3/3
   591 | D:1      | Reached XP level 2. HP: 19/20 MP: 5/5
   755 | D:1      | Found a faded altar of an unknown god.
  1419 | D:1      | Found Peasacloafi's Distillery.
  1510 | D:1      | Bought a potion of degeneration for 13 gold pieces
  1822 | D:2      | Reached XP level 3. HP: 21/26 MP: 6/6
  1885 | D:2      | Reached skill level 4 in Earth Magic
  2549 | D:2      | Reached XP level 4. HP: 26/33 MP: 8/8
  3873 | D:3      | Reached skill level 5 in Earth Magic
  4104 | D:3      | Reached XP level 5. HP: 38/38 MP: 9/9
  4598 | D:3      | Found a glowing silver altar of Zin.
  4755 | D:3      | Found a snail-covered altar of Cheibriados.
  4862 | D:4      | Found Veplamaz's Antique Armour Boutique.
  5342 | D:4      | Reached XP level 6. HP: 45/45 MP: 11/11
  5473 | D:4      | Reached skill level 6 in Earth Magic
  5647 | D:4      | HP: 2/45 [gnoll/+0 halberd (4)]
  6079 | D:4      | Noticed Menkaure
  6086 | D:4      | Killed Menkaure
  6421 | D:4      | Found a sparkling altar of Nemelex Xobeh.
  6469 | D:4      | Reached skill level 7 in Earth Magic
  6469 | D:4      | Your scales start taking on a glossy black colour.
  6469 | D:4      | Reduced skill Earth Magic to level 5
  6469 | D:4      | Reached XP level 7. HP: 47/50 MP: 13/13
  6469 | D:4      | Gained mutation: You are resistant to electric shocks.
                  | (rElec) [Black Draconian growth]
  6655 | D:4      | HP: 2/50 [ball python (1)]
  6660 | D:4      | HP: 2/50 [ball python (1)]
  6661 | D:4      | Slain by a ball python

Illustrated notes

Levels and vault maps discovered:
D:1:      erik_arrival_cave_to_civilisation [erik_arrival_cave_to_hall],
          layout_basic, shapermc_ecumenical_altar_notcrosses, serial_shops,
          shop_coins
D:2:      layout_rooms, serial_bayou, serial_bayou_lagoon_b,
          serial_bayou_pond_b, serial_bayou_shore_b, serial_bayou_ford_a,
          minmay_octomino_e4
D:3:      layout_rooms, chei_slow_surprise, lemuel_tele_altar,
          minmay_snake_closets
D:4:      layout_loops_ring, nemelex_dance_club_becter, serial_shops, shop,
          minmay_three_crescents, uniq_menkaure

Skill      XL: |  1  2  3  4  5  6 |
---------------+-------------------+-----
Earth Magic    | 4 5 5 |  5.8
Spellcasting   | 3 4 |  4.4
Dodging        | |  1.7
Stealth        | |  1.7
Transmutations | |  1.0

Action                   |  1- 3 |  4- 6 |  7- 9 || total
-------------------------+-------+-------+-------++-------
Melee: Dagger            |   125 |   229 |       ||   354
       Unarmed           |    16 |       |       ||    16
       Tailslap          |    12 |    23 |       ||    35
 Cast: Sandblast         |    13 |    28 |       ||    41
  Use: Scroll            |       |     2 |       ||     2
       Potion            |       |     2 |       ||     2
 Stab: Sleeping          |     1 |     9 |       ||    10
       Distracted        |       |     1 |       ||     1
Armor: Skin              |    53 |    69 |    92 ||   214
Dodge: Dodged            |   130 |   151 |    86 ||   367

Table legend: (Time is in decaauts)
 A = Elapsed time spent in this place.
 B = Non-inter-level travel time spent in this place.
 C = Inter-level travel time spent in this place.
 D = Time resting spent in this place.
 E = Time spent auto-exploring this place.
 F = Levels seen in this place.
 G = Mean time per level.
                   A        B        C        D        E       F      G
               +--------+--------+--------+--------+--------+-----+--------+
         Total |   6678 |   6579 |     99 |    100 |   5480 |   4 | 1669.5 |
       Dungeon |   6678 |   6579 |     99 |    100 |   5480 |   4 | 1669.5 |
               +--------+--------+--------+--------+--------+-----+--------+

Top non-repeatable levels by time:
     D:1: 1796 daAuts
     D:4: 1679 daAuts
     D:3: 1659 daAuts
     D:2: 1544 daAuts
